 Dungeon Crawl Stone Soup version 0.24-a0-433-gbe6fa4f6cc (webtiles) character file.

Game seed: 12150806533487084816

2901 Amnesiac the Spear-Bearer (level 9, -1/63 HPs)
             Began as a Merfolk Skald on June 14, 2019.
             Was a Believer of Okawaru.
             Killed from afar by Harold (14 damage)
             ... with a harpoon shot
             ... on level 7 of the Dungeon.
             The game lasted 00:17:44 (6621 turns).

Amnesiac the Spear-Bearer (Merfolk Skald)           Turns: 6621, Time: 00:17:45

Health: -1/63      AC:  6    Str: 12    XL:     9   Next: 78%
Magic:  3/13       EV: 17    Int: 14    God:    Okawaru [**....]
Gold:   273        SH:  0    Dex: 16    Spells: 2/14 levels left

rFire    + . .     SeeInvis .   a - +0 trident
rCold    . . .     Gourm    .   (no shield)
rNeg     . . .     Faith    .   o - +2 robe {rF+}
rPois    .         Spirit   .   q - +0 helmet
rElec    .         Reflect  .   (no cloak)
rCorr    .         Harm     +   (no gloves)
MR       +....                  (no boots)
Stlth    ++........             b - amulet of harm
HPRegen  0.20/turn              t - ring of Finality {AC+1 Int+2 Stlth+}
MPRegen  0.13/turn              v - ring of protection from magic

@: marked, very slightly contaminated
A: change form in water, swift swim, stealthy swim
a: Heroism, Renounce Religion


You were on level 7 of the Dungeon.
You worshipped Okawaru.
Okawaru was pleased with you.
You were hungry.

You visited 2 branches of the dungeon, and saw 8 of its levels.

You collected 273 gold pieces.

Inventory:

Hand Weapons
 a - a +0 trident (weapon)
Missiles
 m - 5 atropa-tipped darts (quivered)
Armour
 n - a +0 shield
 o - a +2 robe of fire resistance (worn)
 q - a +0 helmet (worn)
Jewellery
 b - an amulet of harm (around neck)
 t - the ring of Finality (left hand) {AC+1 Int+2 Stlth+}
   (You found it on level 4 of the Dungeon)

   [ring of protection]

   It affects your AC (+1).
   It affects your intelligence (+2).
   It makes you more stealthy.
 v - a ring of protection from magic (right hand)
Wands
 p - a wand of flame (24)
 x - a wand of iceblast (6)
Scrolls
 c - a scroll of identify {!r}
 e - a scroll of random uselessness {!r, unknown}
 i - a scroll of enchant armour {!r}
 j - 3 scrolls of immolation {!r}
 k - 4 scrolls of remove curse {!r}
 l - 3 scrolls of amnesia {!r}
 r - a scroll of teleportation {!r}
Potions
 g - 2 potions of magic {!q}
 h - 4 potions of curing {!q}
 s - 2 potions of agility {!q}
 u - 2 potions of flight {!q}
 w - a potion of might {!q, unknown}
Comestibles
 d - 10 rations
 f - 2 chunks of flesh


   Skills:
 - Level 3.0 Fighting
 - Level 14.0 Polearms
 - Level 0.6 Armour
 * Level 7.3 Dodging
 - Level 3.0 Spellcasting
 - Level 4.0 Hexes
 - Level 5.0 Charms
 - Level 1.0 Necromancy


You had 2 spell levels left.
You knew the following spells:

 Your Spells              Type           Power        Failure   Level  Hunger
e - Spectral Weapon       Hex/Chrm       ##......     10%         3    ###....
r - Regeneration          Chrm/Necr      ##........   19%         3    ###....
v - Blink                 Tloc           N/A          32%         2    ##.....
w - Tukima's Dance        Hex            ##......     12%         3    ###....
z - Confusing Touch       Hex            ##....       4%          1    #......

Your spell library contained the following spells:

 Spells                   Type           Power        Failure   Level  Hunger
 Infusion                 Chrm           ###.         2%          1    #......
 Corona                   Hex            ##.....      4%          1    #......
 Song of Slaying          Chrm           ###.....     4%          2    ##.....
 Shroud of Golubria       Chrm/Tloc      #.....       12%         2    ##.....
 Animate Skeleton         Necr           N/A          14%         1    #......
 Ensorcelled Hibernation  Hex/Ice        #.....       14%         2    ##.....
 Apportation              Tloc           #.....       22%         1    #......
 Summon Small Mammal      Summ           #...         22%         1    #......
 Confuse                  Hex            ##......     12%         3    ###....
 Dazzling Spray           Conj/Hex       #.....       28%         3    ###....
 Gell's Gravitas          Tloc           #.........   54%         3    ###....
 Lesser Beckoning         Tloc           #.........   54%         3    ###....
 Teleport Other           Tloc           #.......     54%         3    ###....
 Passage of Golubria      Tloc           N/A          91%         4    #####..


Dungeon Overview and Level Annotations

Branches:
Dungeon (7/15)             Temple (1/1) D:5

Altars:
Ashenzari
Dithmenos
Elyvilon
Fedhas
Gozag
Hepliaklqana
Kikubaaqudgha
Makhleb
Nemelex Xobeh
Okawaru
Qazlal
Ru
Sif Muna
Trog
Uskayaw
Vehumet
Wu Jian
Xom
Yredelemnul
Zin
The Shining One

Shops:
D:4 *

Annotations:
D:7 Harold


Message History

You see here a throwing net.
Casting: Spectral Weapon (safe; 10% risk of failure)
Confirm with . or Enter, or press ? or * to list all spells.
Okay, then.
Casting: Spectral Weapon (safe; 10% risk of failure)
Confirm with . or Enter, or press ? or * to list all spells.
Okay, then.
Casting: Spectral Weapon (safe; 10% risk of failure)
Confirm with . or Enter, or press ? or * to list all spells.
You miscast Blink.
You are very lightly contaminated with residual magic.
The world appears momentarily distorted!
The orc shouts!
Casting: Blink (safe; 32% risk of failure)
Confirm with . or Enter, or press ? or * to list all spells.
You miscast Blink.
Your skin tingles.
Harold gestures at you while chanting. A sentinel's mark forms upon you.
Casting: Blink (safe; 32% risk of failure)
Confirm with . or Enter, or press ? or * to list all spells.
You blink.
A jelly comes into view.
Harold throws a throwing net.
The throwing net completely misses you. The orc closely misses you.
Harold casts a spell at you. The harpoon shot misses you.
Harold throws a throwing net.
The throwing net hits you.
You become entangled in the net!
You see here a throwing net.
Casting: Blink (safe; 32% risk of failure)
Confirm with . or Enter, or press ? or * to list all spells.
You blink.
Harold misses you. The jelly closely misses you.
Harold says, "Ah, this is what I got into this business for!"
Harold throws a throwing net.
The throwing net hits you.
You become entangled in the net!
You see here a throwing net.
Casting: Blink (safe; 32% risk of failure)
Confirm with . or Enter, or press ? or * to list all spells.
You blink.
Found 21 bolts.
The orc barely misses you. Harold gestures at you while chanting.
The harpoon shot hits you!
You are yanked forward by the harpoon shot.
The orc completely misses you. The orc hits you but does no damage.
Harold points at you and mumbles some strange words.
The harpoon shot hits you!
You are yanked forward by the harpoon shot.
The orc hits you with a +0 club.
The jelly jiggles.
You are feeling hungry.
Casting: Blink (safe; 32% risk of failure)
Confirm with . or Enter, or press ? or * to list all spells.
You miscast Blink.
Strange energies run through your body. Harold hits you with a +0 long sword!!
* * * LOW HITPOINT WARNING * * *
Casting: Blink (safe; 32% risk of failure)
Confirm with . or Enter, or press ? or * to list all spells.
You blink.
There is a stone staircase leading up here.
Harold casts a spell at you. The harpoon shot hits you!
You die...

###.#+######..#
#.#...........#
#.####.#..o........#
#...................
######.#@..J........
#.#............
#.#............
#.#............
#.#..@........#
#.#.###########
#.#.# #.# .## .


You could see Harold, a jelly and an orc.

Vanquished Creatures
  Pikel (D:5)
  Eustachio (D:5)
  Menkaure (D:5)
  Edmund (D:6)
  A phantom (D:4)
  2 ice beasts (D:5)
  4 slaves (D:5)
  2 ogres
  A centaur (D:6)
  A big kobold (D:5)
  A bullfrog (D:7)
  2 scorpions (D:4)
  5 killer bees (D:5)
  2 crimson imps (D:6)
  2 bullfrog zombies (D:5)
  A quasit (D:5)
  4 orc priests (D:5)
  A centaur skeleton (D:6)
  5 hounds
  7 orc wizards
  6 worker ants
  A hound skeleton (D:4)
  A worker ant zombie (D:7)
  6 adders
  2 shadow imps (D:5)
  2 oozes
  An adder skeleton (D:4)
  5 worms
  4 dart slugs
  2 leopard geckos (D:4)
  28 orcs
  8 giant cockroaches
  13 goblins
  9 hobgoblins
  9 jackals
  4 quokkas
  A ball python skeleton (D:4)
  7 bats
  5 frilled lizards
  29 kobolds
  2 quokka skeletons
  12 rats
202 creatures vanquished.

Vanquished Creatures (others)
  6 spectral weapons
6 creatures vanquished.

Grand Total: 208 creatures vanquished

Notes
Turn   | Place    | Note
-------+----------+-------------------------------------------
     0 | D:1      | Amnesiac the Merfolk Skald began the quest for the Orb.
     0 | D:1      | Reached XP level 1. HP: 16/16 MP: 3/3
    94 | D:1      | Reached XP level 2. HP: 18/22 MP: 5/5
   327 | D:2      | Reached XP level 3. HP: 26/27 MP: 6/6
   332 | D:2      | Learned a level 3 spell: Spectral Weapon
   473 | D:2      | Found a hide-covered altar of Uskayaw.
   615 | D:2      | Reached skill level 4 in Polearms
   743 | D:1      | Reached skill level 1 in Hexes
   870 | D:1      | Reached XP level 4. HP: 31/33 MP: 7/7
  1808 | D:3      | Reached XP level 5. HP: 21/38 MP: 4/8
  2534 | D:4      | Reached skill level 5 in Polearms
  2541 | D:4      | Reached XP level 6. HP: 37/44 MP: 6/9
  2597 | D:4      | Found Jorph's General Store.
  2631 | D:4      | Reached skill level 6 in Polearms
  2741 | D:4      | You fall into a shaft and drop 1 floor!
  2741 | D:5      | Entered Level 5 of the Dungeon
  2771 | D:5      | Noticed an ice beast
  2773 | D:5      | Noticed a slave
  2781 | D:5      | Killed an ice beast
  2781 | D:5      | Reached skill level 7 in Polearms
  2781 | D:5      | Reached XP level 7. HP: 28/50 MP: 7/10
  2789 | D:5      | Reached skill level 5 in Charms
  3165 | D:5      | Noticed Pikel
  3182 | D:5      | Killed Pikel
  3182 | D:5      | Reached skill level 10 in Polearms
  3182 | D:5      | Reached XP level 8. HP: 35/56 MP: 8/11
  3217 | D:5      | Noticed Menkaure
  3321 | D:5      | Killed Menkaure
  3321 | D:5      | Reached skill level 11 in Polearms
  3549 | D:5      | Found a staircase to the Ecumenical Temple.
  3587 | Temple   | Entered the Ecumenical Temple
  3749 | Temple   | Became a worshipper of Warmaster Okawaru
  3817 | D:5      | Found a sacrificial altar of Ru.
  3817 | D:5      | Found a stormy altar of Qazlal.
  3817 | D:5      | Found a burning altar of Makhleb.
  3829 | D:5      | Learned a level 3 spell: Regeneration
  4005 | D:5      | Reached skill level 12 in Polearms
  4136 | D:4      | Got a pitted golden ring
  4137 | D:4      | Identified the ring of Finality {AC+1 Int+2 Stlth+} (You
                  | found it on level 4 of the Dungeon)
  4233 | D:4      | Noticed a two-headed ogre
  4234 | D:4      | Reached skill level 1 in Necromancy
  4429 | D:4      | Reached * piety under Okawaru
  4429 | D:4      | Reached skill level 13 in Polearms
  4697 | D:5      | Noticed Eustachio
  4723 | D:5      | Killed Eustachio
  4723 | D:5      | Reached XP level 9. HP: 48/61 MP: 4/12
  4985 | D:5      | Reached skill level 14 in Polearms
  5198 | D:5      | Learned a level 2 spell: Blink
  5202 | D:5      | Learned a level 3 spell: Tukima's Dance
  5231 | D:5      | HP: 3/62 [killer bee (3)]
  5942 | D:6      | Reached skill level 5 in Dodging
  6122 | D:6      | Learned a level 1 spell: Confusing Touch
  6145 | D:6      | Reached ** piety under Okawaru
  6253 | D:6      | Noticed Edmund
  6278 | D:6      | Killed Edmund
  6583 | D:7      | Noticed Harold
  6621 | D:7      | Killed from afar by Harold

Levels and vault maps discovered:
D:1:      elethiomel_arrival_shortcut, layout_rooms, minivault_11,
          minmay_misc_feat_diagonals
D:2:      layout_rooms, eat_drink_and_be_merry_uskayaw, first_ration
D:3:      layout_basic
D:4:      old_forge, layout_loops_ring, serial_shops, shop
D:5:      kennysheep_kobold_camp, layout_basic,
          chequers_temple_overflow_statue_of_worship,
          minmay_temple_entry_glassed_door, uniq_eustachio, uniq_pikel,
          uniq_menkaure
D:6:      layout_loops_ring, uniq_edmund
D:7:      layout_basic, slow_altar_1, uniq_harold
Temple:   minmay_crystal_spiral_temple

Skill      XL: |  1  2  3  4  5  6  7  8  9 |
---------------+----------------------------+-----
Charms         | 4 5 |  5.0
Polearms       | 4 5 7 10 13 14 | 14.0
Hexes          | 1 3 4 |  4.0
Necromancy     | 1 |  1.0
Dodging        | 7 |  7.3
Fighting       | 3 |  3.0
Spellcasting   | 3 |  3.0
Armour         | |  0.6

Action                   |  1- 3 |  4- 6 |  7- 9 || total
-------------------------+-------+-------+-------++-------
Melee: Spear             |   155 |    97 |       ||   252
       Trident           |       |    86 |   400 ||   486
 Cast: Infusion          |     1 |     6 |       ||     7
       Spectral Weapon   |       |     5 |    33 ||    38
       Regeneration      |       |       |     2 ||     2
       Blink             |       |       |     4 ||     4
       Tukima's Dance    |       |       |     2 ||     2
       Confusing Touch   |       |       |     1 ||     1
Evoke: Wand              |       |       |    10 ||    10
  Use: Potion            |       |       |     2 ||     2
       Scroll            |       |       |     9 ||     9
 Stab: Sleeping          |       |     2 |     9 ||    11
       Distracted        |       |     1 |     2 ||     3
       Confused          |       |       |     4 ||     4
  Eat: Chunk             |       |     7 |    14 ||    21
       Ration            |       |       |     1 ||     1
Armor: Leather armour    |    24 |     7 |       ||    31
       Robe              |       |    13 |    57 ||    70
Dodge: Dodged            |    78 |    79 |   143 ||   300

Table legend:
 A = Non-vault XP
 B = Vault XP
 C = Vault XP percentage of total XP
 D = Non-vault monster count
 E = Vault monster count
 F = Vault count percentage of total count
                 A         B        C        D         E       F
            +---------+---------+-------+---------+---------+-------
      Total |    2811 |    1334 |  32.2 |     173 |      25 |  12.6
            +---------+---------+-------+---------+---------+-------
        D:1 |      46 |       0 |   0.0 |      24 |       0 |   0.0
        D:2 |      61 |       0 |   0.0 |      30 |       0 |   0.0
        D:3 |     106 |       0 |   0.0 |      29 |       0 |   0.0
        D:4 |     661 |       0 |   0.0 |      21 |       0 |   0.0
        D:5 |    1331 |    1163 |  46.6 |      45 |      24 |  34.8
        D:6 |     491 |     171 |  25.8 |      19 |       1 |   5.0
        D:7 |     115 |       0 |   0.0 |       5 |       0 |   0.0
            +---------+---------+-------+---------+---------+-------
